 Dungeon Crawl Stone Soup version 0.24.0-37-gcf1ca852f1 (webtiles) character file.

Game seed: 5931999557381147296, levelgen mode: deterministic

1498 Kobolds4U the Covert (level 8, -7/43 HPs)
             Began as a Deep Elf Conjurer on Dec 8, 2019.
             Was a Believer of Dithmenos.
             Mangled by a wyvern zombie (13 damage)
             ... on level 6 of the Dungeon.
             The game lasted 00:21:57 (7095 turns).

Kobolds4U the Covert (Deep Elf Conjurer)            Turns: 7095, Time: 00:21:58

Health: -7/43      AC:  8    Str:  7    XL:     8   Next: 52%
Magic:  8/19       EV: 12    Int: 21    God:    Dithmenos [**....]
Gold:   166        SH:  6    Dex: 15    Spells: 11/19 levels left

rFire    . . .     SeeInvis .   d - +5 short sword
rCold    . . .     Gourm    .   (no shield)
rNeg     + . .     Faith    .   j - +2 leather armour {rPois}
rPois    +         Spirit   .   (no helmet)
rElec    .         Reflect  +   k - +2 cloak
rCorr    .         Harm     .   (no gloves)
MR       .....                  (no boots)
Stlth    +++++.....             m - +6 amulet of reflection
HPRegen  0.14/turn              r - ring of positive energy
MPRegen  0.16/turn              (no ring)

@: wreathed by umbra
A: no striking features
a: Shadow Step, Renounce Religion


You were on level 6 of the Dungeon.
You worshipped Dithmenos.
Dithmenos was pleased with you.
You were not hungry.

You visited 2 branches of the dungeon, and saw 7 of its levels.

You collected 166 gold pieces.

Inventory:

Hand Weapons
 a - a +0 rapier
 d - a +5 short sword (weapon)
 v - a +1 short sword of venom
Missiles
 h - 6 boomerangs (quivered)
Armour
 j - a +2 leather armour of poison resistance (worn)
 k - a +2 cloak (worn)
Jewellery
 m - a +6 amulet of reflection (around neck)
 r - a ring of positive energy (left hand)
Scrolls
 e - a scroll of identify
 f - 3 scrolls of blinking
 g - 2 scrolls of amnesia
 i - 2 scrolls of fog
 l - 2 scrolls of teleportation
 n - a scroll of noise
 o - 2 scrolls of remove curse
 t - 3 scrolls of fear
Potions
 b - a potion of lignification
 p - a potion of flight
 q - a potion of might
 s - a potion of cancellation
Comestibles
 c - 14 rations
 u - 9 chunks of flesh


   Skills:
 - Level 1.0 Fighting
 - Level 1.1 Short Blades
 - Level 2.4 Dodging
 * Level 10.0 Stealth
 - Level 6.0 Spellcasting
 - Level 5.0 Conjurations
 - Level 4.1 Hexes
 - Level 4.0 Translocations
 - Level 2.0 Invocations


You had 11 spell levels left.
You knew the following spells:

 Your Spells              Type           Power        Failure   Level  Hunger
a - Magic Dart            Conj           ####         1%          1    None
b - Searing Ray           Conj           ####..       2%          2    None
c - Dazzling Spray        Conj/Hex       ####..       7%          3    ##.....
d - Blink                 Tloc           N/A          4%          2    None

Your spell library contained the following spells:

 Spells                   Type           Power        Failure   Level  Hunger
 Confusing Touch          Hex            ###...       2%          1    None
 Slow                     Hex            ###.....     4%          2    None
 Confuse                  Hex            ###.....     8%          3    ##.....
 Gell's Gravitas          Tloc           ###.......   9%          3    ##.....
 Conjure Flame            Conj/Fire      ###.....     16%         3    ##.....
 Iskenderun's Mystic Bla  Conj           ####....     19%         4    ####...
 Call Imp                 Summ           #.......     22%         2    None
 Mephitic Cloud           Conj/Pois/Air  ##......     22%         3    ##.....
 Force Lance              Conj/Tloc      ####....     22%         4    ####...
 Fulminant Prism          Conj/Hex       ####......   22%         4    ####...
 Petrify                  Tmut/Erth      #.......     82%         4    ####...
 Metabolic Englaciation   Hex/Ice        ###.......   86%         5    #####..
 Yara's Violent Unravell  Hex/Tmut       ###.......   86%         5    #####..


Dungeon Overview and Level Annotations

Branches:
Dungeon (6/15)             Temple (1/1) D:4

Altars:
Cheibriados
Dithmenos
Elyvilon
Fedhas
Gozag
Hepliaklqana
Kikubaaqudgha
Makhleb
Nemelex Xobeh
Okawaru
Qazlal
Ru
Sif Muna
Trog
Uskayaw
Vehumet
Wu Jian
Xom
Yredelemnul
The Shining One

Annotations:
D:4 Edmund
D:6 exclusion: door, Sigmund


Message History

The spray of energy hits the centaur skeleton.
You destroy the centaur skeleton!
Dithmenos accepts your kill.
Training target 2.0 for Invocations reached!
Your Stealth skill increases to level 10!
Your Invocations skill increases to level 2!
The wyvern zombie bites you but does no damage.
You completely miss the wyvern zombie.
The wyvern zombie is heavily damaged.
The wyvern zombie bites you. The wyvern zombie bites you!
You puncture the wyvern zombie!
The wyvern zombie is severely damaged.
The wyvern zombie barely misses you.
You hit the wyvern zombie but do no damage.
The wyvern zombie is severely damaged.
The wyvern zombie bites you!
* * * LOW HITPOINT WARNING * * *
The wyvern zombie barely misses you. The wyvern zombie bites you!
You die...

... #.......# ....
#.......# ..... #.......#
..... #.......# ...
....##..!....# ...
.............+ .... #.
#........# .....
#.###.##........###.....
........@Z..............
##########.#######........(
#.......##.# #.........
#.........## #.........
#.........# #.........
#........## ..........
#.).....## .[.........
#...(...# .......$....
#.......# #....########


You could see a wyvern zombie.

Vanquished Creatures
  A hippogriff (D:4)
  2 centaurs
  3 ogres
  A bullfrog (D:6)
  2 scorpions (D:4)
  2 hounds
  3 orc priests
  4 orc wizards
  A bullfrog skeleton (D:5)
  A centaur skeleton (D:6)
  An iguana (D:6)
  5 worker ants
  2 hound skeletons
  A howler monkey skeleton (D:5)
  11 adders
  2 oozes (D:3)
  2 adder skeletons
  3 dart slugs
  5 worms
  5 leopard geckos
  18 orcs
  A ball python (D:3)
  4 giant cockroaches
  11 goblins
  5 hobgoblins
  2 jackals (D:1)
  10 kobolds
  2 quokkas
  8 bats
  7 frilled lizards
  A jackal skeleton (D:4)
  A quokka skeleton (D:5)
  9 rats
136 creatures vanquished.

Notes
Turn   | Place    | Note
-------+----------+-------------------------------------------
     0 | D:1      | Kobolds4U the Deep Elf Conjurer began the quest for the
                  | Orb.
     0 | D:1      | Reached XP level 1. HP: 10/10 MP: 6/6
   258 | D:1      | Reached XP level 2. HP: 15/15 MP: 6/9
   262 | D:1      | Learned a level 2 spell: Searing Ray
  1106 | D:2      | Reached skill level 3 in Stealth
  1106 | D:2      | Reached XP level 3. HP: 19/19 MP: 5/10
  1197 | D:2      | Found a bloodstained altar of Trog.
  1303 | D:2      | Reached skill level 1 in Short Blades
  1321 | D:2      | Learned a level 3 spell: Dazzling Spray
  1372 | D:2      | You fall into a shaft and drop 2 floors!
  1389 | D:4      | Learned a level 2 spell: Blink
  1447 | D:4      | Noticed a scorpion
  1457 | D:4      | Killed a scorpion
  1457 | D:4      | Reached skill level 1 in Translocations
  1457 | D:4      | Reached XP level 4. HP: 18/24 MP: 9/12
  1682 | D:4      | Found a staircase to the Ecumenical Temple.
  1689 | Temple   | Entered the Ecumenical Temple
  1931 | D:4      | Noticed a hippogriff
  1942 | D:4      | Killed a hippogriff
  1942 | D:4      | Reached skill level 4 in Stealth
  1942 | D:4      | Reached skill level 5 in Spellcasting
  1942 | D:4      | Reached XP level 5. HP: 20/28 MP: 0/15
  1942 | D:4      | Reached XP level 6. HP: 23/32 MP: 0/16
  2404 | D:4      | Noticed Edmund
  2757 | D:2      | Reached skill level 5 in Stealth
  2989 | D:2      | Found an ancient bone altar of Kikubaaqudgha.
  3279 | D:3      | Found a shimmering altar of Xom.
  3279 | D:3      | Found an iron altar of Okawaru.
  3280 | D:3      | Found a stormy altar of Qazlal.
  3280 | D:3      | Found a shadowy altar of Dithmenos.
  3280 | D:3      | Found an ornate altar of the Wu Jian Council.
  3304 | D:3      | Reached skill level 1 in Hexes
  3314 | D:3      | Became a worshipper of Dithmenos the Shadowed
  3894 | D:3      | Reached skill level 6 in Stealth
  4155 | D:3      | Reached * piety under Dithmenos
  4159 | D:3      | Reached XP level 7. HP: 36/36 MP: 9/17
  4664 | D:4      | Found a shadowy altar of Dithmenos.
  4709 | D:4      | Reached skill level 7 in Stealth
  5235 | D:5      | Entered Level 5 of the Dungeon
  5337 | D:5      | Reached skill level 8 in Stealth
  5886 | D:5      | Reached XP level 8. HP: 41/41 MP: 18/18
  6105 | D:5      | Reached skill level 9 in Stealth
  6609 | D:5      | Reached ** piety under Dithmenos
  6618 | D:5      | Reached skill level 1 in Fighting
  6655 | D:5      | Found a sacrificial altar of Ru.
  6678 | D:5      | Reached skill level 5 in Conjurations
  6888 | D:6      | Noticed Sigmund
  6985 | D:6      | Reached skill level 1 in Invocations
  7088 | D:6      | Reached skill level 10 in Stealth
  7095 | D:6      | Mangled by a wyvern zombie

Levels and vault maps discovered:
D:1:      dpeg_arrival_chambers_temple_mockup, layout_rooms, minmay_pentomino_z4
D:2:      layout_basic, nicolae_overflow_hidden_temple, supply_closet_lemuel,
          bloody_trog
D:3:      layout_basic, grunt_temple_overflow_open, serial_bayou_pond_b
D:4:      layout_gridville, minmay_temple_entry_steel_oval, first_ration,
          chequers_serial_rivers_room_a, grunt_dithmenos_smoke_and_mirrors,
          uniq_edmund
D:5:      layout_gridville, nicolae_ru_great_annihilating_truth,
          lightli_corner_chamber
D:6:      layout_basic, minivault_5, minmay_lizard_king, uniq_sigmund,
          uniq_blork_the_orc, uniq_crazy_yiuf_cottage
Temple:   nicolae_temple_figure_eight

Skill      XL: |  1  2  3  4  5  6  7  8 |
---------------+-------------------------+-----
Spellcasting   | 4 5 6 |  6.0
Stealth        | 3 4 6 8 10 | 10.0
Short Blades   | 1 |  1.1
Translocations | 1 3 4 |  4.0
Hexes          | 2 4 |  4.1
Fighting       | 1 |  1.0
Conjurations   | 5 |  5.0
Invocations    | 2 |  2.0
Dodging        | |  2.4

Action                   |  1- 3 |  4- 6 |  7- 9 || total
-------------------------+-------+-------+-------++-------
Melee: Short sword       |    28 |    74 |    96 ||   198
 Cast: Magic Dart        |    53 |    29 |    40 ||   122
       Searing Ray       |     2 |     6 |     4 ||    12
       Dazzling Spray    |       |     8 |    24 ||    32
       Blink             |       |     4 |     6 ||    10
  Use: Potion            |       |       |     2 ||     2
       Scroll            |       |       |    10 ||    10
 Stab: Sleeping          |     2 |     5 |    10 ||    17
       Invisible         |       |     3 |     3 ||     6
       Paralysed         |       |       |     1 ||     1
  Eat: Chunk             |     2 |     8 |    10 ||    20
Armor: Robe              |     5 |     1 |       ||     6
       Leather armour    |       |    20 |    22 ||    42
Dodge: Dodged            |    24 |    43 |    70 ||   137
Block: Other             |       |    20 |    25 ||    45
       Reflection        |       |     3 |       ||     3
